TOP OF THE 1ST |
Trenton Thunder batting - Pitching for Jackson Generals : RHP Frank Kats
|
Pitching: RHP Frank Kats
|
|
Batting: RHB Bryan Westray
|
0-0: Ball 1-0: Called Strike 1-1: Ball 2-1: Ball 3-1: Base on Balls
|
Batting: RHB Tim Osborn
|
0-0: Foul Ball, location: 2F 0-1: SINGLE (Line Drive, 56D, EV 97.5 MPH) Bryan Westray to second
|
Batting: SHB Jay Gagnon
|
0-0: Fielders Choice at 2nd, 3-6 (Groundball, 3S, EV 89.4 MPH) Bryan Westray to third
|
Batting: RHB Sam Hubbert
|
0-0: Ball Jay Gagnon steals 2nd base 1-0: Swinging Strike 1-1: Ground out 4-3 (Groundball, 4, EV 88.1 MPH) Bryan Westray scores Jay Gagnon to third
|
Batting: RHB Phil Reeves
|
0-0: Foul Ball, location: 2F 0-1: Ball 1-1: Ball 2-1: Foul Ball, location: 2F 2-2: Ball Wild Pitch! Jay Gagnon scores 3-2: Strikes out swinging
|
Top of the 1st over - 2 runs, 1 hit, 0 errors, 0 left on base; Trenton 2 - Jackson 0 |
BOTTOM OF THE 1ST |
Jackson Generals batting - Pitching for Trenton Thunder : RHP Jarred Sharp
|
Pitching: RHP Jarred Sharp
|
|
Batting: RHB Tomokazu Sugimoto
|
0-0: Ball 1-0: Ball 2-0: Foul Ball, location: 2F 2-1: Swinging Strike 2-2: Ball 3-2: Fly out, F7 (Flyball, 7S, EV 88.1 MPH)
|
Batting: LHB Brent Dutcher
|
0-0: Called Strike 0-1: DOUBLE (Line Drive, 7LM, EV 104.4 MPH)
|
Batting: RHB Julian Gregory
|
0-0: Called Strike 0-1: Ball Brent Dutcher steals 3rd base 1-1: Swinging Strike 1-2: Strikes out swinging
|
Batting: RHB Mike Conaway
|
0-0: Foul Ball, location: 2F 0-1: Ball 1-1: Ground out 5-3 (Groundball, 56, EV 104.4 MPH)
|
Bottom of the 1st over - 0 runs, 1 hit, 0 errors, 1 left on base; Trenton 2 - Jackson 0 |
TOP OF THE 2ND |
Trenton Thunder batting - Pitching for Jackson Generals : RHP Frank Kats
|
Batting: SHB Houston Phillips
|
0-0: Ball 1-0: DOUBLE (Groundball, 5L, EV 95.6 MPH)
|
Batting: RHB Javier Umanzor
|
0-0: Ball 1-0: Ball 2-0: Ball 3-0: Called Strike 3-1: Ground out 6-3 (Groundball, 6, EV 91.2 MPH)
|
Batting: SHB David Stewart
|
0-0: Ball 1-0: Ground out 4-3 (Groundball, 34, EV 99.4 MPH) Houston Phillips to third
|
Batting: RHB Christian Shearer
|
0-0: Ball 1-0: Ball 2-0: Ground out 6-3 (Groundball, 6, EV 89.4 MPH)
|
Top of the 2nd over - 0 runs, 1 hit, 0 errors, 1 left on base; Trenton 2 - Jackson 0 |
BOTTOM OF THE 2ND |
Jackson Generals batting - Pitching for Trenton Thunder : RHP Jarred Sharp
|
Batting: RHB Adan Lake
|
0-0: Ball 1-0: Ball 2-0: Ball 3-0: Called Strike 3-1: Foul Ball, location: 2F 3-2: SINGLE (Groundball, 56D, EV 96.2 MPH)
|
Batting: SHB Brendan Bundy
|
0-0: Fly out, F7 (Flyball, 78S, EV 72.5 MPH)
|
Batting: RHB Victor Rosas
|
0-0: Ball 1-0: Ball 2-0: Called Strike 2-1: Ball 3-1: Grounds into double play, 6-4-3 (Groundball, 56, EV 107.5 MPH)
|
Bottom of the 2nd over - 0 runs, 1 hit, 0 errors, 0 left on base; Trenton 2 - Jackson 0 |
TOP OF THE 3RD |
Trenton Thunder batting - Pitching for Jackson Generals : RHP Frank Kats
|
Batting: RHB Bryan Westray
|
0-0: Called Strike 0-1: Ball 1-1: Ground out 4-3 (Groundball, 4, EV 86.2 MPH)
|
Batting: RHB Tim Osborn
|
0-0: Foul Ball, location: 2F 0-1: Foul Ball, location: 2F 0-2: Ball 1-2: Ball 2-2: SINGLE (Line Drive, 3D, EV 100.6 MPH)
|
Batting: SHB Jay Gagnon
|
0-0: Foul Ball, location: 2F 0-1: Ball 1-1: DOUBLE (Line Drive, 89D, EV 100.0 MPH) Tim Osborn to third Runner from 3rd tries for Home, throw by RF and OUT! 9-4-2
|
Batting: RHB Sam Hubbert
|
0-0: Ball 1-0: Hit by Pitch
|
Batting: RHB Phil Reeves
|
0-0: Foul Ball, location: 2F 0-1: Ball 1-1: Ball 2-1: Swinging Strike 2-2: Fielders Choice at 2nd, 6-4 (Groundball, 6, EV 82.5 MPH)
|
Top of the 3rd over - 0 runs, 2 hits, 0 errors, 2 left on base; Trenton 2 - Jackson 0 |
BOTTOM OF THE 3RD |
Jackson Generals batting - Pitching for Trenton Thunder : RHP Jarred Sharp
|
Batting: RHB Ching-hsia Zhang
|
0-0: DOUBLE (Groundball, 5L, EV 105.0 MPH)
|
Batting: LHB Mario Cardona
|
0-0: Ball 1-0: Ball 2-0: Ball 3-0: Called Strike 3-1: Fly out, F8 (Flyball, 78S, EV 90.0 MPH)
|
Batting: RHB Tomokazu Sugimoto
|
0-0: Ground out U3 (Groundball, 34, EV 90.6 MPH) Ching-hsia Zhang to third
|
Batting: LHB Brent Dutcher
|
0-0: Foul Ball, location: 2F 0-1: SINGLE (Flyball, 8LS, EV 91.9 MPH) Ching-hsia Zhang scores
|
Batting: RHB Julian Gregory
|
0-0: Ball 1-0: Ball 2-0: Fly out, F7 (Line Drive, 7D, EV 88.8 MPH)
|
Bottom of the 3rd over - 1 run, 2 hits, 0 errors, 1 left on base; Trenton 2 - Jackson 1 |
TOP OF THE 4TH |
Trenton Thunder batting - Pitching for Jackson Generals : RHP Frank Kats
|
Batting: SHB Houston Phillips
|
0-0: SINGLE (Groundball, 34D, EV 102.5 MPH)
|
Batting: RHB Javier Umanzor
|
0-0: Called Strike 0-1: Ball 1-1: Ball 2-1: Grounds into double play, 4-6-3 (Groundball, 4, EV 80.0 MPH)
|
Batting: SHB David Stewart
|
0-0: Ball 1-0: Ball 2-0: Ball 3-0: Called Strike 3-1: Base on Balls
|
Batting: RHB Christian Shearer
|
0-0: Ball 1-0: Ball David Stewart steals 2nd base 2-0: Ball 3-0: Base on Balls
|
Batting: RHB Bryan Westray
|
0-0: Fly out, F1 (Line Drive, P, EV 64.4 MPH)
|
Top of the 4th over - 0 runs, 1 hit, 0 errors, 2 left on base; Trenton 2 - Jackson 1 |
BOTTOM OF THE 4TH |
Jackson Generals batting - Pitching for Trenton Thunder : RHP Jarred Sharp
|
Batting: RHB Mike Conaway
|
0-0: Foul Ball, location: 2F 0-1: Foul Ball, location: 2F 0-2: Hit by Pitch
|
Batting: RHB Adan Lake
|
0-0: Ball 1-0: Fly out, F8 (Flyball, 78D, EV 102.5 MPH)
|
Batting: SHB Brendan Bundy
|
0-0: Ball Mike Conaway steals 2nd, throwing error, E2 Mike Conaway to third 1-0: Ball 2-0: Foul Ball, location: 2F 2-1: Foul Ball, location: 2F 2-2: Fly out, F8 (Flyball, 8RXD, EV 99.4 MPH) Runner from 3rd tags up, SCORES, no throw by CF
|
Batting: RHB Victor Rosas
|
0-0: Foul Ball, location: 2F 0-1: Ball 1-1: Ground out 4-3 (Groundball, 4, EV 94.4 MPH)
|
Bottom of the 4th over - 1 run, 0 hits, 1 error, 0 left on base; Trenton 2 - Jackson 2 |
TOP OF THE 5TH |
Trenton Thunder batting - Pitching for Jackson Generals : RHP Frank Kats
|
Batting: RHB Tim Osborn
|
0-0: Called Strike 0-1: Called Strike 0-2: Ball 1-2: Foul Ball, location: 2F 1-2: Strikes out swinging
|
Batting: SHB Jay Gagnon
|
0-0: Ground out 4-3 (Groundball, 4M, EV 86.2 MPH)
|
Batting: RHB Sam Hubbert
|
0-0: Called Strike 0-1: Foul Ball, location: 2F 0-2: Foul Ball, location: 2F 0-2: Ball 1-2: Foul Ball, location: 2F 1-2: SINGLE (Groundball, 56D, EV 86.9 MPH) (infield hit)
|
Batting: RHB Phil Reeves
|
0-0: Called Strike 0-1: Ball 1-1: Ball 2-1: Ball 3-1: Base on Balls Sam Hubbert to second
|
Batting: SHB Houston Phillips
|
0-0: Swinging Strike 0-1: SINGLE (Line Drive, 78S, EV 94.4 MPH) Sam Hubbert to third Phil Reeves to second Runner from 3rd tries for Home, throw by LF and OUT! 7-2
|
Top of the 5th over - 0 runs, 2 hits, 0 errors, 2 left on base; Trenton 2 - Jackson 2 |
BOTTOM OF THE 5TH |
Jackson Generals batting - Pitching for Trenton Thunder : RHP Jarred Sharp
|
Batting: RHB Ching-hsia Zhang
|
0-0: Swinging Strike 0-1: Ball 1-1: Ground out 1-3 (Groundball, 13, EV 74.4 MPH)
|
Batting: LHB Mario Cardona
|
0-0: Ball 1-0: Ball 2-0: Ball 3-0: Called Strike 3-1: Base on Balls
|
Batting: RHB Tomokazu Sugimoto
|
0-0: Ball 1-0: Fly out, F7 (Line Drive, 7S, EV 92.5 MPH)
|
Batting: LHB Brent Dutcher
|
0-0: Called Strike 0-1: Ground out 4-3 (Groundball, 4, EV 96.2 MPH)
|
Bottom of the 5th over - 0 runs, 0 hits, 0 errors, 1 left on base; Trenton 2 - Jackson 2 |
TOP OF THE 6TH |
Trenton Thunder batting - Pitching for Jackson Generals : RHP Frank Kats
|
Batting: RHB Javier Umanzor
|
0-0: Ball 1-0: Ball 2-0: Called Strike 2-1: Swinging Strike 2-2: Foul Ball, location: 2F 2-2: SINGLE (Groundball, 6MD, EV 99.4 MPH)
|
Batting: SHB David Stewart
|
0-0: Ball 1-0: Called Strike 1-1: Ball 2-1: Grounds into double play, 4-6-3 (Groundball, 4, EV 84.4 MPH)
|
Batting: RHB Christian Shearer
|
0-0: Called Strike 0-1: Ball 1-1: Ball 2-1: Ball 3-1: Foul Ball, location: 2F 3-2: Strikes out looking
|
Top of the 6th over - 0 runs, 1 hit, 0 errors, 0 left on base; Trenton 2 - Jackson 2 |
BOTTOM OF THE 6TH |
Jackson Generals batting - Pitching for Trenton Thunder : RHP Jarred Sharp
|
Batting: RHB Julian Gregory
|
0-0: Ball 1-0: Foul Ball, location: 2F 1-1: Swinging Strike 1-2: Foul Ball, location: 2F 1-2: Foul Ball, location: 2F 1-2: Foul Ball, location: 2F 1-2: Ball 2-2: Ball 3-2: Fly out, F8 (Line Drive, 8RD, EV 101.9 MPH)
|
Batting: RHB Mike Conaway
|
0-0: Ball 1-0: TRIPLE (Flyball, 89XD, EV 113.8 MPH)
|
Batting: RHB Adan Lake
|
0-0: Called Strike 0-1: Ball 1-1: Fly out, F8 (Flyball, 89D, EV 100.6 MPH) Runner from 3rd tags up, SCORES, throw by CF
|
Batting: SHB Brendan Bundy
|
0-0: Foul Ball, location: 2F 0-1: Ball 1-1: Swinging Strike 1-2: Ball 2-2: Ball 3-2: Base on Balls
|
Batting: RHB Victor Rosas
|
0-0: Ball Brendan Bundy is caught stealing 2nd base 2-4
|
Bottom of the 6th over - 1 run, 1 hit, 0 errors, 0 left on base; Trenton 2 - Jackson 3 |
TOP OF THE 7TH |
Trenton Thunder batting - Pitching for Jackson Generals : RHP Frank Kats
|
Pitching: RHP Raul Lopez
|
|
Batting: RHB Bryan Westray
|
0-0: Ground out 5-3 (Groundball, 56S, EV 83.8 MPH)
|
Batting: RHB Tim Osborn
|
0-0: Called Strike 0-1: Ball 1-1: Ball 2-1: Foul Ball, location: 2F 2-2: Foul Ball, location: 2F 2-2: Foul Ball, location: 2F 2-2: Ball 3-2: SINGLE (Line Drive, 56, EV 100.6 MPH)
|
Batting: SHB Jay Gagnon
|
0-0: 2-RUN HOME RUN (Flyball, 9D, EV 98.8 MPH), Distance : 393 ft
|
Batting: RHB Sam Hubbert
|
0-0: Ball 1-0: Ball 2-0: Ball 3-0: Base on Balls
|
Batting: RHB Phil Reeves
|
0-0: Ball 1-0: Ball 2-0: Ball 3-0: Base on Balls Sam Hubbert to second
|
Pinch Runner at 2nd Roberto Tena:
|
|
Batting: SHB Houston Phillips
|
0-0: Called Strike Roberto Tena steals 3rd base Phil Reeves to second 0-1: Swinging Strike 0-2: Ball 1-2: Strikes out swinging
|
Batting: RHB Javier Umanzor
|
0-0: Foul Ball, location: 2F 0-1: Ball 1-1: Ball 2-1: Swinging Strike 2-2: Strikes out swinging
|
Top of the 7th over - 2 runs, 2 hits, 0 errors, 2 left on base; Trenton 4 - Jackson 3 |
BOTTOM OF THE 7TH |
Jackson Generals batting - Pitching for Trenton Thunder : RHP Jarred Sharp
|
Now at 1B: Bryan Westray
|
|
Now in LF: Alex Colon
|
|
Batting: RHB Victor Rosas
|
0-0: SINGLE (Groundball, 4M, EV 79.4 MPH) (infield hit)
|
Batting: RHB Ching-hsia Zhang
|
0-0: Swinging Strike 0-1: Swinging Strike 0-2: Strikes out swinging
|
Pitching: RHP Angel Gutierres
|
|
Batting: LHB Mario Cardona
|
0-0: Ball 1-0: Foul Ball, location: 2F 1-1: Grounds into double play, 1-6-3 (Groundball, 13S, EV 63.8 MPH)
|
Bottom of the 7th over - 0 runs, 1 hit, 0 errors, 0 left on base; Trenton 4 - Jackson 3 |
TOP OF THE 8TH |
Trenton Thunder batting - Pitching for Jackson Generals : RHP Raul Lopez
|
Pitching: RHP Jose Acevedo
|
|
Batting: SHB David Stewart
|
0-0: Ball 1-0: Ball 2-0: Called Strike 2-1: Ball 3-1: Called Strike 3-2: Foul Ball, location: 2F 3-2: Base on Balls
|
Pinch Hitting: LHB Jared Zulkowski
|
0-0: Foul Ball, location: 2F 0-1: Ball 1-1: Swinging Strike 1-2: Ball 2-2: Strikes out swinging
|
Batting: RHB Bryan Westray
|
0-0: Ball 1-0: Ball 2-0: Ball 3-0: Called Strike 3-1: 2-RUN HOME RUN (Flyball, 8RXD, EV 115.0 MPH), Distance : 448 ft
|
Batting: RHB Tim Osborn
|
0-0: Ground out U3 (Groundball, 34S, EV 85.0 MPH)
|
Batting: SHB Jay Gagnon
|
0-0: Ball 1-0: Ball 2-0: Ball 3-0: Called Strike 3-1: Base on Balls
|
Batting: RHB Alex Colon
|
0-0: Ground out 4-3 (Groundball, 4, EV 78.1 MPH)
|
Top of the 8th over - 2 runs, 1 hit, 0 errors, 1 left on base; Trenton 6 - Jackson 3 |
BOTTOM OF THE 8TH |
Jackson Generals batting - Pitching for Trenton Thunder : RHP Angel Gutierres
|
Now at 3B: Ben Kidder
|
|
Batting: RHB Tomokazu Sugimoto
|
0-0: Fly out, F7 (Flyball, 7D, EV 100.0 MPH)
|
Batting: LHB Brent Dutcher
|
0-0: Called Strike 0-1: Ground out U3 (Groundball, 34, EV 90.6 MPH)
|
Batting: RHB Julian Gregory
|
0-0: Foul Ball, location: 2F 0-1: Ground out 4-3 (Groundball, 4, EV 99.4 MPH)
|
Bottom of the 8th over - 0 runs, 0 hits, 0 errors, 0 left on base; Trenton 6 - Jackson 3 |
TOP OF THE 9TH |
Trenton Thunder batting - Pitching for Jackson Generals : RHP Jose Acevedo
|
Pitching: RHP Adam Fair
|
|
Batting: RHB Phil Reeves
|
0-0: Ball 1-0: Called Strike 1-1: Ball 2-1: Called Strike 2-2: Fly out, F9 (Line Drive, 9, EV 98.8 MPH)
|
Batting: SHB Houston Phillips
|
0-0: Ball 1-0: Ball 2-0: Swinging Strike 2-1: Swinging Strike 2-2: Ground out U3 (Groundball, 3S, EV 90.0 MPH)
|
Batting: RHB Javier Umanzor
|
0-0: Ball 1-0: Called Strike 1-1: Foul Ball, location: 2F 1-2: Fly out, F7 (Line Drive, 7S, EV 86.2 MPH)
|
Top of the 9th over - 0 runs, 0 hits, 0 errors, 0 left on base; Trenton 6 - Jackson 3 |
BOTTOM OF THE 9TH |
Jackson Generals batting - Pitching for Trenton Thunder : RHP Angel Gutierres
|
Batting: RHB Mike Conaway
|
0-0: Ball 1-0: Ball 2-0: SINGLE (Groundball, 25, EV 63.8 MPH) (infield hit)
|
Batting: RHB Adan Lake
|
0-0: Fly out, F7 (Line Drive, 78S, EV 93.1 MPH)
|
Batting: SHB Brendan Bundy
|
0-0: SINGLE (Groundball, 13, EV 86.2 MPH) (infield hit) Mike Conaway to second
|
Batting: RHB Victor Rosas
|
0-0: Called Strike 0-1: Ball 1-1: Ball 2-1: 3-RUN HOME RUN (Flyball, 7D, EV 98.8 MPH), Distance : 400 ft
|
Pitching: RHP Jimmy Wilder
|
|
Batting: RHB Ching-hsia Zhang
|
0-0: Ground out 1-3 (Groundball, P, EV 68.8 MPH)
|
Batting: LHB Mario Cardona
|
0-0: Called Strike 0-1: Foul Ball, location: 2F 0-2: Ball 1-2: Strikes out swinging
|
Bottom of the 9th over - 3 runs, 3 hits, 0 errors, 0 left on base; Trenton 6 - Jackson 6 |
TOP OF THE 10TH |
Trenton Thunder batting - Pitching for Jackson Generals : RHP Adam Fair
|
Batting: SHB David Stewart
|
0-0: Ball 1-0: Ball 2-0: Called Strike 2-1: SINGLE (Groundball, 34D, EV 98.8 MPH)
|
Batting: RHB Ben Kidder
|
0-0: Ball 1-0: Called Strike 1-1: Ground out 4-3 (Groundball, 34S, EV 80.0 MPH) David Stewart to second
|
Batting: RHB Bryan Westray
|
0-0: Called Strike 0-1: Foul Ball, location: 2F 0-2: Ball 1-2: Ball 2-2: Ball 3-2: Foul Ball, location: 2F 3-2: Foul Ball, location: 2F 3-2: Foul Ball, location: 2F 3-2: Base on Balls
|
Batting: RHB Tim Osborn
|
0-0: Called Strike 0-1: Foul Ball, location: 2F 0-2: Strikes out swinging
|
Batting: SHB Jay Gagnon
|
0-0: Called Strike 0-1: Swinging Strike 0-2: Strikes out looking
|
Top of the 10th over - 0 runs, 1 hit, 0 errors, 2 left on base; Trenton 6 - Jackson 6 |
BOTTOM OF THE 10TH |
Jackson Generals batting - Pitching for Trenton Thunder : RHP Jimmy Wilder
|
Batting: RHB Tomokazu Sugimoto
|
0-0: DOUBLE (Line Drive, 89D, EV 96.2 MPH)
|
Batting: LHB Brent Dutcher
|
0-0: Swinging Strike 0-1: Fly out, F7 (Line Drive, 78M, EV 105.6 MPH) Runner from 2nd tags up, SAFE at 3rd with throw by LF
|
Batting: RHB Julian Gregory
|
0-0: Ball 1-0: Ball 2-0: Called Strike 2-1: Ball 3-1: Base on Balls
|
Batting: RHB Mike Conaway
|
0-0: Ball 1-0: Foul Ball, location: 2F 1-1: Ball 2-1: Reached via error on a dropped throw from 3B, E2 (Groundball, 56S, EV 71.9 MPH) Tomokazu Sugimoto scores
|
Bottom of the 10th over - 1 run, 1 hit, 1 error, 1 left on base; Trenton 6 - Jackson 7 |
|